 Dungeon Crawl Stone Soup version 0.23.1 (webtiles) character file.

Game seed: 6857542325537958584

45328 Peloso the Fencer (level 14, -1/129 HPs)
             Began as a Minotaur Fighter on Mar 13, 2019.
             Was the Champion of Okawaru.
             Hit by a steel javelin thrown by a minotaur (23 damage)
             ... in a Gauntlet.
             The game lasted 00:48:48 (18416 turns).

Peloso the Fencer (Minotaur Fighter)               Turns: 18416, Time: 00:48:48

Health: -1/129     AC: 24    Str: 28    XL:     14   Next: 0%
Magic:  14/14      EV:  9    Int:  5    God:    Okawaru [******]
Gold:   1011       SH: 16    Dex: 12    Spells: 13/13 levels left

rFire    + . .     SeeInvis .   a - +7 scimitar
rCold    + . .     Gourm    .   c - +1 shield
rNeg     + . .     Faith    +   u - +0 plate armour
rPois    .         Spirit   .   X - +2 hat
rElec    +         Reflect  .   l - +0 cloak
rCorr    .         Harm     .   i - +0 pair of gloves
MR       +....     NoTele   +   U - +2 pair of boots {Fly}
Stlth    ..........             o - amulet of faith
HPRegen  0.31/turn              I - ring of Ecik {Str+4 Slay+3}
MPRegen  0.14/turn              J - ring "Osuu" {rElec rF+ rC+ rN+}

@: lethally poisoned (-1 -> -9), flying
A: retaliatory headbutt, horns 2
a: Heroism, Finesse, Renounce Religion, Stop Flying


You were in a Gauntlet.
You worshipped Okawaru.
Okawaru was exalted by your worship.
You were not hungry.

You visited 3 branches of the dungeon, and saw 18 of its levels.
You also visited: Sewer and Gauntlet.

You collected 1011 gold pieces.

Inventory:

Hand Weapons
 a - a +7 scimitar (weapon)
 s - a +2 scimitar of electrocution
 C - the +7 spear "Okiqyola" {pierce, rN+, unknown}
   (You found it in a Gauntlet)

   It inflicts extra damage upon your enemies.
   It protects you from negative energy.
 F - a +3 vampiric scimitar
 Q - a +2 war axe of flaming
Armour
 b - a +0 scale mail
 c - a +1 shield (worn)
 i - a +0 pair of gloves (worn)
 l - a +0 cloak (worn)
 u - a +0 plate armour (worn)
 U - a +2 pair of boots of flying (worn)
 X - a +2 hat (worn)
Jewellery
 o - an amulet of faith (around neck)
 q - a +4 ring of strength
 I - the ring of Ecik (left hand) {Str+4 Slay+3}
   (You found it in a Gauntlet)

   [ring of slaying]

   It affects your strength (+4).
   It affects your accuracy and damage with ranged weapons and melee attacks
   (+3).
 J - the ring "Osuu" (right hand) {rElec rF+ rC+ rN+}
   (You found it on level 13 of the Dungeon)

   [ring of protection from fire]

   It protects you from fire.
   It protects you from cold.
   It insulates you from electricity.
   It protects you from negative energy.
 V - an uncursed amulet of rage
Wands
 g - a wand of digging (6)
 h - a wand of flame (27)
 w - a wand of iceblast (5)
Scrolls
 j - 2 scrolls of fear
 t - 2 scrolls of identify
 v - a scroll of enchant weapon
 y - a scroll of enchant armour
 E - 8 scrolls of remove curse
 G - 8 scrolls of teleportation
 P - a scroll of fog
 Z - a scroll of amnesia {unknown}
Potions
 d - 4 potions of might
 e - 5 potions of haste
 k - 2 potions of heal wounds
 m - a potion of resistance
 n - 7 potions of curing
 p - a potion of ambrosia
 r - 3 potions of berserk rage
 x - 2 potions of invisibility
 z - 4 potions of flight {unknown}
 A - 6 potions of brilliance {unknown}
 B - 3 potions of agility
 D - a potion of mutation {unknown}
 M - a potion of lignification {unknown}
Comestibles
 f - 22 rations
 H - 7 chunks of flesh


   Skills:
 + Level 13.2 Fighting
 + Level 15.5 Long Blades
 + Level 2.7 Axes
 + Level 12.8 Armour
 + Level 3.0 Dodging
 + Level 1.3 Stealth
 + Level 15.2 Shields
 + Level 1.8 Invocations
 + Level 0.9 Evocations


You had 13 spell levels left.
You didn't know any spells.
Your spell library contained the following spells:

 Spells                   Type           Power        Failure   Level  Hunger
 Animate Skeleton         Necr           N/A          98%         1    ##.....
 Apportation              Tloc           #.....       98%         1    ##.....
 Confusing Touch          Hex            #.....       98%         1    ##.....
 Corona                   Hex            #......      98%         1    ##.....
 Pain                     Necr           #...         98%         1    ##.....
 Summon Small Mammal      Summ           #...         98%         1    ##.....
 Call Imp                 Summ           #.......     99%         2    ###....
 Slow                     Hex            #.......     99%         2    ###....
 Call Canine Familiar     Summ           #.......     100%        3    ####...
 Inner Flame              Hex/Fire       #.......     100%        3    ####...
 Portal Projectile        Hex/Tloc       #.....       100%        3    ####...
 Recall                   Summ/Tloc      N/A          100%        3    ####...
 Regeneration             Chrm/Necr      #.........   100%        3    ####...
 Summon Guardian Golem    Hex/Summ       #.......     100%        3    ####...
 Vampiric Draining        Necr           #.........   100%        3    ####...
 Animate Dead             Necr           N/A          100%        4    #####..
 Cause Fear               Hex            #.........   100%        4    #####..
 Leda's Liquefaction      Hex/Erth       #.........   100%        4    #####..
 Summon Ice Beast         Ice/Summ       #.......     100%        4    #####..
 Summon Lightning Spire   Summ/Air       #.......     100%        4    #####..
 Aura of Abjuration       Summ           #.........   100%        5    ######.
 Summon Demon             Summ           #.........   100%        5    ######.
 Summon Forest            Summ/Tloc      #.........   100%        5    ######.
 Summon Mana Viper        Hex/Summ       #.......     100%        5    ######.
 Shadow Creatures         Summ           N/A          100%        6    #######


Dungeon Overview and Level Annotations

Branches:
Dungeon (13/15)            Temple (1/1) D:4            Lair (4/6) D:10
  Swamp (0/4) Lair:4       Spider (0/4) Lair:2          Orc (0/2) D:10
 Vaults: D:13-14

Altars:
Ashenzari
Cheibriados
Dithmenos
Elyvilon
Fedhas
Gozag
Hepliaklqana
Kikubaaqudgha
Makhleb
Nemelex Xobeh
Okawaru
Qazlal
Ru
Sif Muna
Trog
Uskayaw
Vehumet
Wu Jian
Xom
Yredelemnul
Zin
The Shining One

Shops:
D:7 (

Annotations:
D:7 3 runed translucent doors, Tutankhamun's ghost, novice GrGl Gauntlet 8 transporters, 4 runed translucent doors, exclusion: obsidian statue


Innate Abilities, Weirdness & Mutations

You reflexively headbutt those who attack you in melee.
You have a pair of horns on your head.


Message History

Unknown command.
You feel much better.
You feel like a meek peon again.
The minotaur hits you with the cursed +0 battleaxe of Aliewaig {venom, +Fly MP+9 SInv}.
* * * LOW HITPOINT WARNING * * *
You are poisoned.
You block the minotaur's attack.
You feel sick. You block the minotaur zombie's attack.
The minotaur zombie gores you but does no damage.
The minotaur hits you with the cursed +0 battleaxe of Aliewaig {venom, +Fly MP+9 SInv}!
* * * LOW HITPOINT WARNING * * *
You are more poisoned.
The minotaur gores you but does no damage.
There is a fountain of sparkling water here.
You feel sick.
You feel sick.
You see here a steel javelin.
You feel sick.
The minotaur throws a steel javelin.
The steel javelin hits you!!
You die...

### #.# ##'###
#.⌠..# #...⌠+
+H...# #.Z∩.#
##(###
#######@######
#.....(.......#
#.###.###.###.#
#.............#
###.###.###.###
####.###.###.##
................
.♣.♣.©.©.©.©.♣.♣
................


You could see a minotaur and a minotaur zombie.

Vanquished Creatures
  Rupert (D:13)
  Snorg (D:12)
  Harold (D:7)
  4 vault guards
  The ghost of Bapho the Carver, a journeyman DrCj of Kikubaaqudgha (D:11)
  4 hydras
  A centaur warrior (D:12)
  2 two-headed ogres
  A catoblepas (Gauntlet)
  A queen ant (Gauntlet)
  An unseen horror (D:12)
  4 lindwurms (D:13)
  2 ugly things
  A deep elf mage (D:13)
  2 wolf spiders (Lair:2)
  3 cyclopes
  6 elephants (Gauntlet)
  A torpor snail (Gauntlet)
  A black mamba (Lair:1)
  2 gargoyles
  3 spiny frogs
  A molten gargoyle (Gauntlet)
  A rime drake (Lair:4)
  A komodo dragon (Lair:1)
  2 kobold demonologists (D:12)
  2 trolls
  3 blink frogs (Lair:1)
  Grinder (D:6)
  6 hippogriffs
  9 slime creatures (D:12)
  2 redbacks (Lair:2)
  A shadow (D:12)
  A wraith (D:12)
  A vampire (D:12)
  24 yaks
  5 vampire mosquitoes
  A basilisk (Lair:3)
  2 hungry ghosts
  A steam dragon (D:13)
  Menkaure (D:7)
  6 soldier ants
  An acid dragon (D:13)
  13 porcupines
  4 water moccasins
  7 orc warriors
  2 phantoms
  2 sky beasts
  An eye of draining (D:8)
  4 ice beasts
  A black bear (D:11)
  9 centaurs
  3 wolves (Lair:2)
  3 ogres
  5 crocodiles
  5 big kobolds
  12 bullfrogs
  A gnoll sergeant (D:8)
  2 wyvern zombies
  A wyvern skeleton (D:8)
  3 scorpions
  8 killer bees
  11 wights
  7 jellies
  8 howler monkeys
  An electric eel (Lair:2)
  3 crimson imps
  6 centaur zombies
  A quasit (D:10)
  9 hounds
  A gnoll shaman (D:6)
  7 orc priests
  Crazy Yiuf (D:3)
  4 centaur skeletons
  3 iguanas
  Ijyb (D:3)
  5 bullfrog skeletons
  11 orc wizards
  9 worker ants
  A hound zombie (D:7)
  A hound skeleton (D:11)
  A howler monkey zombie (D:6)
  15 gnolls
  3 worker ant zombies
  12 adders
  3 river rats (Sewer)
  3 shadow imps
  3 oozes
  3 adder skeletons
  4 worms
  A dart slug (D:1)
  4 leopard geckos
  32 orcs
  6 ball pythons
  A bat (D:2)
  3 giant cockroaches
  8 goblins
  8 hobgoblins
  15 jackals
  29 kobolds
  4 quokkas
  4 frilled lizards
  A jackal zombie (D:7)
  A leopard gecko skeleton (D:8)
  2 quokka skeletons (D:6)
  29 rats
  A plant (Gauntlet)
487 creatures vanquished.

Vanquished Creatures (others)
  3 fungi (Gauntlet)
  3 plants
6 creatures vanquished.

Grand Total: 493 creatures vanquished

Notes
Turn   | Place    | Note
-------+----------+-------------------------------------------
     0 | D:1      | Peloso the Minotaur Fighter began the quest for the Orb.
     0 | D:1      | Reached XP level 1. HP: 19/19 MP: 0/0
   111 | D:1      | Reached XP level 2. HP: 26/27 MP: 1/1
   782 | D:2      | Found a shattered altar of Ashenzari.
   817 | D:2      | Reached XP level 3. HP: 32/33 MP: 2/2
  1631 | D:3      | Reached XP level 4. HP: 41/41 MP: 3/3
  1649 | D:3      | Found a runed translucent door.
  1650 | D:3      | Noticed Crazy Yiuf
  1698 | D:3      | Noticed an ogre
  1703 | D:3      | Killed an ogre
  1703 | D:3      | Reached skill level 1 in Dodging
  1703 | D:3      | Reached skill level 5 in Shields
  1703 | D:3      | Reached XP level 5. HP: 47/47 MP: 4/4
  1854 | D:3      | Noticed a moth of wrath
  1857 | D:3      | Found a bloodstained altar of Trog.
  2121 | D:3      | Noticed Ijyb
  2129 | D:3      | Killed Ijyb
  2818 | D:3      | Killed Crazy Yiuf
  2818 | D:3      | Reached XP level 6. HP: 27/53 MP: 5/5
  3155 | D:4      | Found a staircase to the Ecumenical Temple.
  3189 | Temple   | Entered the Ecumenical Temple
  3633 | D:4      | Found a deep blue altar of Sif Muna.
  3831 | D:4      | Reached skill level 5 in Armour
  3919 | D:5      | Entered Level 5 of the Dungeon
  3933 | D:5      | Found a glowing drain.
  3936 | D:5      | Reached skill level 5 in Long Blades
  4013 | D:5      | Reached skill level 5 in Fighting
  4013 | D:5      | Reached XP level 7. HP: 41/61 MP: 6/6
  4028 | Sewer    | Entered a sewer
  5369 | D:5      | You fall through a shaft for 3 floors!
  5406 | D:8      | Reached XP level 8. HP: 55/69 MP: 7/7
  6105 | D:6      | Noticed Grinder
  6120 | D:6      | Killed Grinder
  6120 | D:6      | Reached XP level 9. HP: 59/78 MP: 8/8
  6409 | D:6      | Got a pair of encrusted boots
  6415 | D:6      | Identified the -1 pair of boots of Cesh {Dex+2} (You found
                  | it on level 6 of the Dungeon)
  6806 | D:7      | You fall through a shaft for 2 floors!
  6840 | D:8      | Reached skill level 10 in Long Blades
  6943 | D:7      | Noticed Menkaure
  7209 | D:7      | Killed Menkaure
  7418 | D:7      | Noticed Harold
  7434 | D:7      | Killed Harold
  7460 | D:7      | Reached XP level 10. HP: 57/86 MP: 9/9
  7653 | D:7      | Found a runed translucent gate.
  7654 | D:7      | Found a runed translucent gate.
  7658 | D:7      | Found Gygufet's Weapon Emporium.
  7661 | D:7      | Found a runed translucent gate.
  7665 | D:7      | Noticed Tutankhamun's ghost (novice GrGl)
  8334 | D:8      | Noticed a two-headed ogre
  8344 | D:8      | Killed a two-headed ogre
  8661 | D:9      | Reached skill level 10 in Shields
  8952 | D:9      | Found a burning altar of Makhleb.
  8955 | D:9      | Found a white marble altar of Elyvilon.
  8958 | D:9      | Found an ornate altar of the Wu Jian Council.
  9024 | D:9      | Found an iron altar of Okawaru.
  9044 | D:9      | Noticed a brown ugly thing
  9072 | D:9      | Killed a brown ugly thing
  9283 | D:9      | Became a worshipper of Warmaster Okawaru
  9476 | D:10     | Entered Level 10 of the Dungeon
  9506 | D:10     | Found a staircase to the Orcish Mines.
  9526 | D:10     | Found a staircase to the Lair.
  9745 | D:10     | Reached * piety under Okawaru
  9800 | D:10     | Reached XP level 11. HP: 48/95 MP: 10/10
 10122 | D:10     | Reached ** piety under Okawaru
 10491 | D:11     | Reached *** piety under Okawaru
 10587 | D:11     | Reached **** piety under Okawaru
 10890 | D:11     | Noticed a purple ugly thing
 10898 | D:11     | Killed a purple ugly thing
 10968 | D:11     | You fall through a shaft for 2 floors!
 10968 | D:13     | Found a shattered altar of Ashenzari.
 11050 | D:13     | Noticed a lindwurm
 11051 | D:13     | Noticed a lindwurm
 11052 | D:13     | Noticed Rupert
 11064 | D:13     | Killed Rupert
 11064 | D:13     | Reached ***** piety under Okawaru
 11064 | D:13     | Reached skill level 10 in Fighting
 11064 | D:13     | Reached skill level 10 in Armour
 11234 | D:13     | Noticed a cyan ugly thing
 11281 | D:13     | Noticed a vault guard
 11295 | D:13     | Killed a vault guard
 11295 | D:13     | Received a gift from Okawaru
 11295 | D:13     | Reached XP level 12. HP: 91/107 MP: 11/11
 11371 | D:13     | Noticed a vault guard
 11439 | D:13     | Noticed a vault guard
 11455 | D:12     | Killed a vault guard
 11889 | D:12     | Reached skill level 1 in Invocations
 12101 | D:11     | Found a runed translucent gate.
 12102 | D:11     | Found a runed translucent gate.
 12102 | D:11     | Noticed Bapho's ghost (journeyman DrCj)
 12103 | D:11     | Found a runed translucent gate.
 12103 | D:11     | Noticed an 11-headed hydra
 12113 | D:11     | Noticed a two-headed ogre
 12122 | D:11     | Killed a two-headed ogre
 12122 | D:11     | Reached skill level 1 in Stealth
 12371 | D:11     | Killed Bapho's ghost
 12376 | D:11     | Killed an eight-headed hydra
 12376 | D:11     | Received a gift from Okawaru
 13011 | D:12     | Reached skill level 15 in Long Blades
 13675 | D:13     | Noticed a vault guard
 13675 | D:13     | Noticed Snorg
 13675 | D:13     | Noticed a vault guard
 13681 | D:12     | Received a gift from Okawaru
 13694 | D:12     | Killed Snorg
 13701 | D:12     | Killed a vault guard
 13701 | D:12     | Received a gift from Okawaru
 13701 | D:12     | Reached XP level 13. HP: 37/117 MP: 13/13
 14406 | D:13     | Got a transparent jade ring
 14408 | D:13     | Identified the ring "Osuu" {rElec rF+ rC+ rN+} (You found
                  | it on level 13 of the Dungeon)
 14472 | Lair:1   | Entered Level 1 of the Lair of Beasts
 14571 | Lair:1   | Reached ****** piety under Okawaru
 15059 | Lair:1   | Reached skill level 1 in Axes
 15899 | Lair:2   | Received a gift from Okawaru
 16128 | Lair:2   | Found a hole to the Spider Nest.
 17672 | Lair:4   | Found a hide-covered altar of Uskayaw.
 17730 | Lair:4   | Found a gate leading to a gauntlet.
 17737 | Gauntlet | Entered a Gauntlet
 17737 | Gauntlet | Found a transporter.
 17742 | Gauntlet | Found a transporter.
 17743 | Gauntlet | Found a transporter.
 17757 | Gauntlet | Found a transporter.
 17759 | Gauntlet | Found a transporter.
 17769 | Gauntlet | Found a transporter.
 17782 | Gauntlet | Found a transporter.
 17794 | Gauntlet | Found a runed translucent door.
 17795 | Gauntlet | Found a transporter.
 17796 | Gauntlet | Found a runed translucent door.
 17802 | Gauntlet | Noticed a dire elephant
 17803 | Gauntlet | Found a runed translucent door.
 17805 | Gauntlet | Found a transporter.
 17807 | Gauntlet | Found a runed translucent door.
 17820 | Gauntlet | Found a transporter.
 17830 | Gauntlet | Found a transporter.
 17833 | Gauntlet | Found a transporter.
 17900 | Gauntlet | Found a transporter.
 17900 | Gauntlet | Found a transporter.
 18071 | Gauntlet | Got a translucent spear
 18158 | Gauntlet | Reached skill level 15 in Shields
 18181 | Gauntlet | Received a gift from Okawaru
 18349 | Gauntlet | Reached XP level 14. HP: 117/129 MP: 12/14
 18366 | Gauntlet | Got an ancient lead ring
 18368 | Gauntlet | Identified the ring of Ecik {Str+4 Slay+3} (You found it in
                  | a Gauntlet)
 18396 | Gauntlet | Identified the cursed +0 battleaxe of Aliewaig {venom, +Fly
                  | MP+9 SInv}
 18416 | Gauntlet | Hit by a steel javelin thrown by a minotaur

Skill      XL: |  1  2  3  4  5  6  7  8  9 10 11 12 13 |
---------------+----------------------------------------+-----
Long Blades    | 3 4 5 6 9 11 12 14 15 | 15.5
Armour         | 4 5 6 7 8 9 10 11 12 | 12.8
Shields        | 4 5 6 8 9 11 12 13 15 | 15.2
Fighting       | 4 5 6 7 8 10 11 13 | 13.2
Dodging        | 1 2 3 |  3.0
Invocations    | 1 |  1.8
Stealth        | 1 |  1.3
Axes           | 2 |  2.7
Evocations     | |  0.9

Action                   |  1- 3 |  4- 6 |  7- 9 | 10-12 | 13-15 || total
-------------------------+-------+-------+-------+-------+-------++-------
Melee: Long sword        |   153 |   114 |   363 |   542 |       ||  1172
       Headbutt          |    19 |    16 |    82 |   186 |   106 ||   409
       Scimitar          |       |       |       |   121 |   297 ||   418
       War axe           |       |       |       |     3 |    17 ||    20
Invok: Heroism           |       |       |       |     8 |     4 ||    12
       Finesse           |       |       |       |     1 |       ||     1
Evoke: Wand              |       |       |       |     2 |     7 ||     9
  Use: Scroll            |     4 |     3 |       |    11 |     2 ||    20
       Potion            |       |     1 |       |     6 |     4 ||    11
  Eat: Chunk             |     2 |     4 |    12 |    15 |    12 ||    45
       Ration            |       |     1 |       |     2 |     1 ||     4
Armor: Scale mail        |    82 |    18 |       |       |       ||   100
       Chain mail        |       |    12 |       |       |       ||    12
       Plate armour      |       |     5 |   212 |   273 |   176 ||   666
Dodge: Dodged            |    47 |    26 |    78 |   155 |    99 ||   405
Block: Shield            |    77 |    57 |   270 |   465 |   290 ||  1159
       Rpst.: Long sword |    18 |     6 |    21 |    39 |       ||    84
       Scimitar          |       |       |       |     5 |    14 ||    19
